[Event "Team 45 45 League T47"]
[Site "Internet Chess Club"]
[Date "2010.11.29"]
[Round "4"]
[White "Constrictor"]
[Black "Tobiasdelmonte"]
[Result "0-1"]
[WhiteElo "1664"]
[BlackElo "1969"]
[Opening "QGD semi-Slav: Bogolyubov variation"]
[ECO "D46"]
[Time "21:05:19"]
[TimeControl "2700+45"]

1. Nf3 d5 2. d4 Nf6 3. c4 c6 4. Nc3 e6 5. e3 Nbd7 6. Bd3 Be7 7. O-O O-O 8. b3
Qa5 9. Bb2 dxc4 10. bxc4 c5 11. Qc2 cxd4 12. exd4 b6 13. Rfe1 Bb7 14. Ne5 h6 15.
Nb5 a6 16. Bc3 Bb4 17. Bxb4 Qxb4 18. a3 Qe7 19. Nc3 Rfd8 20. d5 Nxe5 21. Rxe5
Qd6 22. Rae1 Ng4 23. Rh5 Nf6 24. Rh3 exd5 25. cxd5 Nxd5 26. Ne4 Qd7 27. Ng5 Nf4
28. Bh7+ Kf8 29. Bf5 Nxh3+ 30. Bxh3 Qd3 31. Nh7+ Kg8 32. Nf6+ gxf6 33. Qb2 Qd2
{White resigns} 0-1

[Event "Team 45 45 League T47"]
[Site "Internet Chess Club"]
[Date "2010.11.26"]
[Round "4"]
[White "bgolev"]
[Black "Ptzz"]
[Result "0-1"]
[WhiteElo "1813"]
[BlackElo "2069"]
[Opening "QGD Slav: 4.Nc3"]
[ECO "D15"]
[Time "14:07:35"]
[TimeControl "2700+45"]

1. Nf3 d5 2. d4 Nf6 3. c4 c6 4. Nc3 a6 5. e3 b5 6. b3 Bg4 7. Qc2 Bxf3 8. gxf3 e6
9. Bd3 g6 10. Bb2 Bg7 11. Ba3 Bf8 12. Bxf8 Kxf8 13. Ke2 Nbd7 14. a3 e5 15. dxe5
Nxe5 16. cxb5 cxb5 17. Bxb5 axb5 18. Nxb5 Rc8 19. Qd2 Qd7 20. Nd4 Kg7 21. h3 Nc6
22. Ra2 Rhe8 23. a4 Qb7 24. Rb2 Qa6+ 25. Nb5 Na7 26. Qd3 Nxb5 27. axb5 Qa5 28.
Rd1 Rc3 29. b4 Qc7 30. Qd4 Rb8 31. Ra2 Rxb5 32. Ra6 Qc4+ 33. Ke1 Qxd4 34. Rxd4
Rc4 35. Ra4 Rxd4 36. exd4 Nh5 37. Kd2 Nf4 38. Kc3 Kh6 39. Ra5 Rb7 40. b5 Ne2+
41. Kd3 Ng1 42. b6 Rxb6 43. Rxd5 Nxh3 44. Rd7 Rf6 45. Ke3 Re6+ 46. Kd2 {White
resigns} 0-1

[Event "Team 45 45 League T47"]
[Site "Internet Chess Club"]
[Date "2010.11.28"]
[Round "4"]
[White "Beetlejuice"]
[Black "Despair"]
[Result "1-0"]
[WhiteElo "1834"]
[BlackElo "1924"]
[Opening "King's Indian: 5.Nf3"]
[ECO "E90"]
[Time "10:01:18"]
[TimeControl "2700+45"]

1. d4 Nf6 2. c4 g6 3. Nf3 d6 4. Nc3 Bg7 5. e4 c5 6. h3 Nbd7 7. Be3 O-O 8. Be2 b6
9. d5 Ne5 10. O-O Nxf3+ 11. Bxf3 Ba6 12. Be2 Bb7 13. Qd2 e5 14. Bg5 Qd7 15. f4
Ne8 16. Bg4 f5 17. exf5 gxf5 18. Be2 h6 19. Bh4 e4 20. Nd1 {Black forfeits on
time} 1-0

[Event "Team 45 45 League T47"]
[Site "Internet Chess Club"]
[Date "2010.11.28"]
[Round "4"]
[White "ivanson"]
[Black "room-matt"]
[Result "1-0"]
[WhiteElo "1846"]
[BlackElo "1604"]
[Opening "Ruy Lopez: Bird's defense"]
[ECO "C61"]
[Time "14:00:25"]
[TimeControl "2700+45"]

1. e4 e5 2. Nf3 Nc6 3. Bb5 Nd4 4. Nxd4 exd4 5. Bc4 Nf6 6. d3 d5 7. exd5 Nxd5 8.
O-O Be6 9. Re1 g6 10. Nd2 Bg7 11. Nf3 O-O 12. Bg5 Qd6 13. Qd2 c5 14. Bh6 Rae8
15. Bxg7 Kxg7 16. Ng5 Qc6 17. Re2 b5 18. Nxe6+ fxe6 19. Bxd5 Qxd5 20. Qa5 Qd7
21. Rae1 Rf5 22. g3 h5 23. a4 bxa4 24. Re5 Rxe5 25. Rxe5 Kf6 26. Rxc5 Rb8 27.
Rc7 Qb5 28. Qxa7 {Black resigns} 1-0

[Event "Team 45 45 League T47"]
[Site "Internet Chess Club"]
[Date "2010.11.24"]
[Round "4"]
[White "justice02"]
[Black "hlt"]
[Result "1-0"]
[WhiteElo "1615"]
[BlackElo "1513"]
[Opening "Sicilian defense"]
[ECO "B34"]
[Time "23:00:14"]
[TimeControl "2700+45"]

1. e4 c5 2. Nf3 Nc6 3. d4 cxd4 4. Nxd4 g6 5. c3 Bg7 6. Nf3 e6 7. Na3 d5 8. exd5
exd5 9. Bb5 Nf6 10. O-O O-O 11. Re1 Re8 12. Be3 a6 13. Bd3 Bg4 14. Be2 Qd6 15.
Nc4 Qc7 16. Nb6 Rad8 17. Na4 b5 18. Bb6 Qd6 19. Bc5 Qb8 20. Nb6 Ne4 21. Be3 Nf6
22. Bc5 Nd7 23. Nxd7 Rxd7 24. a4 b4 25. Rc1 bxc3 26. bxc3 Qb2 27. Bxa6 Bxc3 28.
Rxe8+ Kg7 29. Bf8+ Kf6 30. h3 Bxf3 31. Qxf3+ Kg5 32. Rxc3 Qb1+ 33. Kh2 Qf5 34.
Qg3+ Kh5 35. Be2+ Qg4 36. Qxg4# {Black checkmated} 1-0

[Event "Team 45 45 League T47"]
[Site "Internet Chess Club"]
[Date "2010.11.28"]
[Round "4"]
[White "rainden"]
[Black "sbaker831"]
[Result "1/2-1/2"]
[WhiteElo "1537"]
[BlackElo "1586"]
[Opening "Robatsch (modern) defense"]
[ECO "B06"]
[Time "18:00:20"]
[TimeControl "2700+45"]

1. e4 g6 2. d4 d6 3. b3 Bg7 4. Bb2 e6 5. Nf3 a6 6. Bc4 b5 7. Bd3 Bb7 8. Nbd2 Ne7
9. O-O Nd7 10. Re1 O-O 11. c4 bxc4 12. Nxc4 c5 13. e5 Bxf3 14. Qxf3 d5 15. Nd6
Nc8 16. Nb7 Qb6 17. Nxc5 Nxc5 18. dxc5 Qxc5 19. Rac1 Qa5 20. a3 Qd8 21. Qe2 a5
22. Bb5 Ne7 23. Bc3 Rb8 24. Ba4 d4 25. Bb2 d3 26. Qd2 Bh6 27. f4 Bxf4 28. Qxf4
d2 29. Red1 dxc1=Q 30. Rxc1 Rc8 31. Rf1 Nf5 32. g4 Qb6+ 33. Kh1 Qb7+ 34. Kg1 Rc2
35. Rf2 Rfc8 36. gxf5 exf5 37. b4 axb4 38. Rxc2 Rxc2 39. Bxc2 bxa3 40. Bxa3 Qa7+
41. Kg2 Qxa3 42. Qc4 Qe3 43. Qc8+ Kg7 44. Qc7 Qe2+ 45. Kg3 Qg4+ 46. Kf2 Qh4+ 47.
Kg2 Qg4+ 48. Kh1 Qf3+ 49. Kg1 Qe3+ 50. Kg2 Qe2+ 51. Kg3 Qg4+ 52. Kf2 Qh4+ 53.
Kg1 Qe1+ 54. Kg2 Qe2+ {Game drawn by repetition} 1/2-1/2

[Event "Team 45 45 League T47"]
[Site "Internet Chess Club"]
[Date "2010.11.25"]
[Round "4"]
[White "ScotchYeti"]
[Black "Deadly-Spike"]
[Result "1-0"]
[WhiteElo "1675"]
[BlackElo "1519"]
[Opening "Sicilian: Richter-Rauzer, Rauzer attack, 7...Be7"]
[ECO "B63"]
[Time "15:00:39"]
[TimeControl "2700+45"]

1. e4 c5 2. Nf3 d6 3. d4 cxd4 4. Nxd4 Nf6 5. Nc3 Nc6 6. Bg5 e6 7. Qd2 Be7 8.
O-O-O O-O 9. f3 Nxd4 10. Qxd4 e5 11. Qd2 a6 12. Kb1 Be6 13. Bxf6 gxf6 14. Be2
Kh8 15. Nd5 Bxd5 16. Qxd5 Qb6 17. Qd2 Rg8 18. Bd3 Rad8 19. Bc4 Rg7 20. Bd5 Rdg8
21. g3 a5 22. Qe2 a4 23. Qc4 a3 24. Qb3 Qxb3 25. cxb3 axb2 26. Bxb7 Rb8 27. Bd5
h6 28. Kxb2 Kh7 29. Rc1 {Black resigns} 1-0

[Event "Team 45 45 League T47"]
[Site "Internet Chess Club"]
[Date "2010.11.28"]
[Round "4"]
[White "JosephZ"]
[Black "cepheid"]
[Result "0-1"]
[WhiteElo "1446"]
[BlackElo "1630"]
[Opening "Sicilian: accelerated fianchetto, modern variation"]
[ECO "B34"]
[Time "14:30:18"]
[TimeControl "2700+45"]

1. e4 c5 2. Nf3 g6 3. d4 cxd4 4. Nxd4 Nc6 5. Nc3 Bg7 6. Be3 Nf6 7. f3 O-O 8. Qd2
d5 9. O-O-O dxe4 10. fxe4 Ng4 11. Bg1 Nxd4 12. Kb1 e5 13. h3 Nf6 14. Bxd4 exd4
15. Qxd4 Qxd4 16. Rxd4 Be6 17. Bd3 Nd7 18. Rb4 Bxc3 19. bxc3 Nc5 20. Re1 b6 21.
e5 Rfd8 22. Re3 Rac8 23. Kb2 Rc7 24. g4 Rcd7 25. Bb5 Rd2 26. a3 Rh2 27. Kb1 Rd1+
28. Kb2 Rdd2 29. Rd4 Rxc2+ 30. Kb1 Rb2+ 31. Kc1 Nb3+ 32. Kd1 Rb1# {White
checkmated} 0-1

[Event "Team 45 45 League T47"]
[Site "Internet Chess Club"]
[Date "2010.11.27"]
[Round "4"]
[White "rubo"]
[Black "Monsieur"]
[Result "0-1"]
[WhiteElo "1718"]
[BlackElo "1589"]
[Opening "Bird's opening"]
[ECO "A03"]
[Time "22:00:30"]
[TimeControl "2700+45"]

1. f4 d5 2. Nf3 Nc6 3. e3 Bg4 4. Bb5 e5 5. Bxc6+ bxc6 6. fxe5 f6 7. exf6 Nxf6 8.
d3 Bd6 9. O-O O-O 10. Nbd2 Bh5 11. Qe1 Ng4 12. h3 Ne5 13. Nxe5 Rxf1+ 14. Qxf1
Qe7 15. Nef3 Qxe3+ 16. Qf2 Qe7 17. d4 Rf8 18. Nb3 h6 19. Bd2 Qe4 20. Re1 Qxc2
21. Bc3 Qg6 22. Nbd2 Bg3 23. Qe3 Bxe1 24. Qxe1 Bxf3 25. Nxf3 Rxf3 26. Kh2 Qd6+
27. Kh1 Rf5 28. Bb4 Qf4 29. Bc5 Qf1+ 30. Qxf1 Rxf1+ 31. Kh2 Rf2 32. Bxa7 Rxb2
33. a3 Rb3 34. Bc5 Rc3 35. Kg1 Kf7 36. Kf2 Ke8 37. Ke2 Kd7 38. Bf8 Rg3 39. Kf2
Rg6 40. Bc5 Kc8 41. g4 Kb7 42. Kf3 Rf6+ 43. Ke3 g5 44. Ke2 h5 45. gxh5 Rh6 46.
Kf3 Rxh5 47. Kg4 Rh4+ 48. Kxg5 Rxh3 49. Kf4 Rh4+ 50. Ke5 Re4+ 51. Kf5 Ka6 52.
Kf6 Kb5 53. Kg5 Kc4 54. Kf5 Rxd4 55. Bxd4 Kxd4 56. Ke6 Kc3 57. a4 Kb4 58. Kd7 c5
59. Kxc7 c4 60. Kb6 Kxa4 61. Kc5 c3 62. Kd4 c2 63. Kc3 c1=Q+ {White resigns} 0-1

[Event "Team 45 45 League T47"]
[Site "Internet Chess Club"]
[Date "2010.11.28"]
[Round "4"]
[White "MarkNY"]
[Black "Portola"]
[Result "1-0"]
[WhiteElo "1732"]
[BlackElo "1680"]
[Opening "Sicilian: accelerated fianchetto, modern variation"]
[ECO "B34"]
[Time "19:01:53"]
[TimeControl "2700+45"]

1. e4 c5 2. Nf3 Nc6 3. d4 cxd4 4. Nxd4 g6 5. Nc3 Bg7 6. Be3 d6 7. Qd2 Nf6 8. Bh6
O-O 9. Bxg7 Kxg7 10. h4 h5 11. O-O-O Bd7 12. Be2 Nxd4 13. Qxd4 Qb6 14. Qxb6 axb6
15. f3 Ra5 16. Rd4 Be6 17. a3 Rc8 18. Rb4 Nd7 19. Na4 Rc7 20. Nxb6 Nb8 21. Rb5
Nc6 22. Rd1 Rxb5 23. Bxb5 Na7 24. Ba4 Rc5 25. b4 Rc7 26. Kb2 f6 27. Nd5 Bxd5 28.
Rxd5 Nc8 29. Bb3 Nb6 30. Rb5 Nd7 31. Bd5 b6 32. Be6 Nb8 33. Rxb6 Nc6 34. c3 Ne5
35. a4 f5 36. exf5 gxf5 37. Kc2 Kf6 38. Bb3 Nd7 39. Rb5 e6 40. a5 Ra7 41. Kb2 d5
42. f4 Ke7 43. c4 d4 44. c5 Nf8 45. Rb6 Nd7 46. Rxe6+ Kd8 47. Rh6 Kc7 48. Rxh5
Ra6 49. Rxf5 Rg6 50. Rg5 Rh6 51. g3 Rh8 52. Bc2 Re8 53. h5 Re2 54. Kb3 Re3+ 55.
Kc4 Rc3+ 56. Kxd4 Rxc2 57. Kd3 Rb2 58. Kc3 Rh2 59. g4 Nf6 60. Rg7+ Kc8 61. a6
Kb8 62. b5 Ne4+ 63. Kd4 Nf6 64. b6 Rd2+ 65. Ke5 Nd7+ 66. Rxd7 Rxd7 67. c6 Re7+
68. Kd6 Rb7 69. c7+ Rxc7 70. bxc7+ Ka7 {Black resigns} 1-0

[Event "Team 45 45 League T47"]
[Site "Internet Chess Club"]
[Date "2010.11.28"]
[Round "4"]
[White "g8wrb"]
[Black "BotanicalKnight"]
[Result "0-1"]
[WhiteElo "1418"]
[BlackElo "1601"]
[Opening "Dutch defense, Rubinstein variation"]
[ECO "A84"]
[Time "07:06:23"]
[TimeControl "2700+45"]

1. d4 f5 2. c4 e6 3. Nc3 Nf6 4. Nf3 d6 5. Bg5 Be7 6. e3 O-O 7. Be2 Ne4 8. Bxe7
Qxe7 9. O-O c6 10. Qc2 d5 11. Rac1 a5 12. Rfd1 Nd7 13. Bd3 g5 14. g3 Qg7 15. Kh1
h5 16. Rg1 Kf7 17. cxd5 exd5 18. Bxe4 fxe4 19. Nxe4 dxe4 20. Qxe4 Nf6 21. Qe5
Nh7 22. Rc2 Bg4 23. Qxg7+ Kxg7 24. Ne1 Bf5 25. Rd2 Be4+ 26. Ng2 Rf7 27. Rc1 Raf8
28. Kg1 g4 29. Nf4 Kf6 30. Nxh5+ Ke7 31. Rc5 Rf5 32. Nf4 Rxc5 33. dxc5 Ng5 34.
Rd4 Nf3+ 35. Kf1 Nxd4 36. exd4 Rd8 37. Ne2 Bf3 38. Nf4 Rxd4 39. Ke1 Rd1# {White
checkmated} 0-1

[Event "Team 45 45 League T47"]
[Site "Internet Chess Club"]
[Date "2010.11.28"]
[Round "4"]
[White "vollmerj"]
[Black "AtomicDog"]
[Result "1-0"]
[WhiteElo "1660"]
[BlackElo "1598"]
[Opening "Réti opening"]
[ECO "A05"]
[Time "10:01:48"]
[TimeControl "2700+45"]

1. Nf3 Nf6 2. g3 b6 3. Bg2 Bb7 4. O-O e6 5. c4 c5 6. b3 Be7 7. Bb2 O-O 8. d4 d5
9. dxc5 bxc5 10. cxd5 Bxd5 11. Nc3 Bb7 12. Qxd8 Rxd8 13. Nb5 Nbd7 14. Rad1 a6
15. Nc3 e5 16. Nd2 Bxg2 17. Kxg2 Nb6 18. Nde4 Nxe4 19. Nxe4 f6 20. Ba3 Rac8 21.
Rxd8+ Rxd8 22. Bxc5 Bxc5 23. Nxc5 a5 24. e3 Rd2 25. Ra1 Nd5 26. Ne4 Re2 27. Kf1
Rb2 28. Rd1 Nb4 29. Rd8+ Kf7 30. Rd7+ Kg6 31. a3 Nc2 32. Nc5 Nxa3 33. Ra7 Nc2
34. Rxa5 Rb1+ 35. Kg2 Ne1+ 36. Kh3 Nf3 37. Ra7 Rb2 38. Kg2 Nd2 39. Rb7 e4 40. b4
h5 41. h4 Nc4 42. Nxe4 Nxe3+ 43. Kf3 Nc2 44. Nc5 Rxb4 45. Rd7 Nd4+ 46. Kg2 Nf5
47. Nd3 Kh6 48. Nxb4 {Black resigns} 1-0

[Event "Team 45 45 League T47"]
[Site "Internet Chess Club"]
[Date "2010.11.28"]
[Round "4"]
[White "jefferyx"]
[Black "Wheels"]
[Result "0-1"]
[WhiteElo "2012"]
[BlackElo "1869"]
[Opening "Sicilian: Najdorf, Opocensky variation"]
[ECO "B92"]
[Time "20:03:26"]
[TimeControl "2700+45"]

1. e4 c5 2. Nf3 d6 3. d4 cxd4 4. Nxd4 Nf6 5. Nc3 a6 6. Be2 e5 7. Nb3 Be7 8. O-O
O-O 9. a4 Be6 10. f4 Qc7 11. f5 Bc4 12. Be3 Nbd7 13. g4 h6 14. h4 Bxe2 15. Qxe2
Nh7 16. g5 hxg5 17. hxg5 Bxg5 18. Bxg5 Nxg5 19. Qh5 Nh7 20. Nd5 Qd8 21. Rad1
Ndf6 22. Nxf6+ Nxf6 23. Qh4 Qb6+ 24. Kg2 Rfd8 25. Nd2 Rac8 26. Nf3 Rxc2+ 27. Kg3
Rc4 28. Ng5 Qxb2 29. Rh1 Kf8 30. Rd3 Qc2 31. Rf3 Ke7 32. Rh2 Qxa4 33. Re3 d5 34.
Rb2 b5 35. Nf3 Rxe4 36. Rxe4 Qxe4 37. Qg5 Rh8 38. Qc1 Qf4+ 39. Qxf4 Nh5+ 40. Kg4
Nxf4 41. Nxe5 Nh5 42. Re2 Nf6+ 43. Kf4 Rh4+ 44. Kg5 Re4 {White resigns} 0-1

[Event "Team 45 45 League T47"]
[Site "Internet Chess Club"]
[Date "2010.11.26"]
[Round "4"]
[White "BrerRabbit"]
[Black "imawesome"]
[Result "0-1"]
[WhiteElo "1605"]
[BlackElo "1728"]
[Opening "English, 1...Nf6 (Anglo-Indian defense)"]
[ECO "A15"]
[Time "19:15:46"]
[TimeControl "2700+45"]

1. c4 Nf6 2. g3 g6 3. Bg2 Bg7 4. Nc3 O-O 5. d3 d6 6. Bg5 Nbd7 7. Qd2 c5 8. Rb1
Rb8 9. Nf3 a6 10. b4 cxb4 11. Rxb4 Qa5 12. Rb1 b5 13. cxb5 axb5 14. O-O Nc5 15.
Rfc1 Be6 16. Nd4 b4 17. Nxe6 bxc3 18. Qe3 Nxe6 19. h4 Rxb1 20. Rxb1 Qxa2 21. Rc1
c2 22. Qd2 Nd4 23. Bh3 Nb3 24. Qxc2 Nxc1 25. Qxa2 Nxa2 {White resigns} 0-1

[Event "Team 45 45 League T47"]
[Site "Internet Chess Club"]
[Date "2010.11.28"]
[Round "4"]
[White "frank001"]
[Black "cityprosecutor"]
[Result "1-0"]
[WhiteElo "1774"]
[BlackElo "1770"]
[Opening "Sicilian: Alapin's variation (2.c3)"]
[ECO "B22"]
[Time "22:05:44"]
[TimeControl "2700+45"]

1. e4 c5 2. c3 g6 3. d4 cxd4 4. cxd4 d5 5. e5 Bg7 6. Nc3 Nc6 7. Bb5 f6 8. f4 Nh6
9. Nge2 Bg4 10. O-O O-O 11. h3 Bxe2 12. Bxe2 Nf5 13. Bf3 e6 14. Ne2 Qb6 15. g4
Nfxd4 16. Be3 Nxf3+ 17. Rxf3 Qxb2 18. Rb1 Qxa2 19. exf6 Bxf6 20. Rxb7 Na5 21.
Rc7 Nc4 22. Bf2 Nd2 23. Rd3 Ne4 24. Bd4 Bxd4+ 25. Rxd4 Rab8 26. Rxe4 Qb1 27. Rd4
Qb6 28. Qc2 Rxf4 29. Rc8+ Rxc8 30. Qxc8+ Kg7 31. Qc3 Rxd4 32. Qxd4+ Qxd4+ 33.
Nxd4 Kf6 34. Kf2 Ke5 35. Ke3 g5 36. Nc6+ Kd6 37. Nxa7 e5 38. Nb5+ Kc5 39. Nc7
Kc4 40. Ne6 d4+ 41. Ke4 d3 42. Ke3 Kc3 43. Nxg5 d2 44. Ne4+ {Black resigns} 1-0

[Event "Team 45 45 League T47"]
[Site "Internet Chess Club"]
[Date "2010.11.28"]
[Round "4"]
[White "Atlantis"]
[Black "jjmolina"]
[Result "1/2-1/2"]
[WhiteElo "1765"]
[BlackElo "1696"]
[Opening "QGD Slav defense: exchange variation"]
[ECO "D13"]
[Time "15:01:12"]
[TimeControl "2700+45"]

1. d4 d5 2. c4 c6 3. cxd5 cxd5 4. Nc3 Nf6 5. Nf3 Bf5 6. Qb3 b6 7. Bf4 Nc6 8. e3
a6 9. Rc1 Na5 10. Qa4+ b5 11. Qd1 Rc8 12. Be2 Nc4 13. b3 Na3 14. O-O e6 15. Nh4
Ne4 16. Nxe4 Bxe4 17. Nf3 Bb4 18. Bd3 Rxc1 19. Qxc1 Bxd3 20. Qc6+ Kf8 21. Bc7
Qe8 22. Bd6+ Bxd6 23. Qxd6+ Qe7 24. Qb8+ Qe8 25. Qd6+ Qe7 26. Qb8+ Qe8 27. Qd6+
Qe7 {Game drawn by repetition} 1/2-1/2

[Event "Team 45 45 League T47"]
[Site "Internet Chess Club"]
[Date "2010.11.28"]
[Round "4"]
[White "johnnyperez"]
[Black "jps7"]
[Result "1-0"]
[WhiteElo "1637"]
[BlackElo "1695"]
[Opening "French: exchange variation"]
[ECO "C01"]
[Time "13:00:14"]
[TimeControl "2700+45"]

1. e4 e6 2. d4 d5 3. exd5 exd5 4. Nc3 Nf6 5. h3 c5 6. Bg5 Be7 7. Nf3 cxd4 8.
Qxd4 Nc6 9. Bb5 O-O 10. Bxc6 bxc6 11. O-O Re8 12. Rfe1 c5 13. Qh4 d4 14. Bxf6
Bxf6 15. Rxe8+ Qxe8 16. Qe4 Be6 17. Nb5 Qd7 18. Qxa8+ Bd8 19. Ne5 Qd5 20. Nc6 g6
21. Ne7+ Kg7 22. Nxd5 Bxd5 23. Qxd8 Bc4 24. Nd6 Be6 25. f4 c4 26. g4 d3 27. cxd3
cxd3 28. f5 gxf5 29. Qg5+ Kf8 30. gxf5 Bd5 31. f6 {Black resigns} 1-0

[Event "Team 45 45 League T47"]
[Site "Internet Chess Club"]
[Date "2010.11.28"]
[Round "4"]
[White "sbaker831"]
[Black "IceBox"]
[Result "0-1"]
[WhiteElo "1589"]
[BlackElo "1718"]
[Opening "Catalan opening"]
[ECO "E00"]
[Time "11:03:51"]
[TimeControl "2700+45"]

1. d4 e6 2. c4 Nf6 3. g3 d5 4. Nf3 Bb4+ 5. Bd2 a5 6. Bg2 dxc4 7. O-O O-O 8. Qc2
b5 9. Ne5 Ra7 10. Nc3 Bxc3 11. bxc3 Bb7 12. e4 Nfd7 13. Nf3 c6 14. Rab1 Nb6 15.
Bf4 f6 16. h4 Qe7 17. h5 Na6 18. h6 g5 19. Be3 Qe8 20. d5 c5 21. dxe6 Bc6 22.
Rfd1 Qxe6 23. Nh2 Re7 24. Qd2 Rd7 25. Qe2 Rxd1+ 26. Rxd1 Na4 27. Qd2 Re8 28. Nf1
Kf7 29. Bxg5 fxg5 30. Qxg5 Qf6 31. Qh5+ Qg6 32. Qf3+ Qf6 33. Qxf6+ Kxf6 34. Rd6+
Re6 35. e5+ Kxe5 36. Rxe6+ Kxe6 37. Bxc6 Nxc3 38. Ne3 Nc7 39. f4 Nxa2 40. Be4
Ne8 41. Bc6 Nc7 42. Be4 Kf6 43. Bxh7 c3 44. g4 Ne6 45. Bg8 Nxf4 46. Bxa2 Kg6 47.
g5 c4 48. Kf1 Ne6 49. Ke1 Nxg5 50. h7 Kxh7 51. Bxc4 bxc4 52. Nxc4 a4 53. Kd1 Kg6
54. Kc2 Ne4 55. Kd3 Kf5 56. Nd6+ Nxd6 57. Kxc3 Nb5+ 58. Kb4 a3 59. Kb3 Ke4 60.
Ka2 Kd3 61. Ka1 Kc3 62. Kb1 Kb3 63. Ka1 Ka4 64. Ka2 Nc3+ 65. Ka1 Nd1 66. Ka2 Kb4
67. Ka1 Kb3 68. Kb1 Ne3 69. Ka1 Nc2+ 70. Kb1 a2+ {White resigns} 0-1

[Event "Team 45 45 League T47"]
[Site "Internet Chess Club"]
[Date "2010.11.28"]
[Round "4"]
[White "Zumbi"]
[Black "LucaTrapani"]
[Result "1-0"]
[WhiteElo "2071"]
[BlackElo "1911"]
[Opening "French: Tarrasch"]
[ECO "C03"]
[Time "20:45:44"]
[TimeControl "2700+45"]

1. e4 e6 2. d4 d5 3. Nd2 Be7 4. e5 c5 5. Qg4 Kf8 6. dxc5 Nc6 7. Qg3 f6 8. Ngf3
Nh6 9. Bd3 Nf7 10. exf6 gxf6 11. O-O e5 12. Be2 e4 13. Ne1 Nd4 14. Bd1 Bxc5 15.
Nb3 Bd6 16. Bf4 Bxf4 17. Qxf4 Ne6 18. Qe3 f5 19. Be2 f4 20. Qd2 Qd6 21. Rd1 f3
22. Nxf3 exf3 23. Bxf3 d4 24. Rfe1 a5 25. c3 d3 26. Qe3 Nf4 27. Nc5 Rg8 28. Nxd3
Nxg2 29. Bxg2 Bg4 30. f3 Bh3 31. Nf4 Qh6 32. Nxh3 Rxg2+ 33. Kxg2 Qg7+ 34. Kh1
{Black resigns} 1-0

[Event "Team 45 45 League T47"]
[Site "Internet Chess Club"]
[Date "2010.11.29"]
[Round "4"]
[White "powerchess1"]
[Black "ghostfire"]
[Result "0-1"]
[WhiteElo "1739"]
[BlackElo "1709"]
[Opening "Queen's pawn, Mason variation"]
[ECO "D00"]
[Time "19:00:17"]
[TimeControl "2700+45"]

1. d4 d5 2. Bf4 Nf6 3. e3 Bg4 4. f3 Bh5 5. Bd3 e6 6. Ne2 Bg6 7. Bxg6 hxg6 8. Nd2
Nh5 9. Be5 f6 10. Bg3 Nxg3 11. Nxg3 c5 12. c3 Bd6 13. Ndf1 cxd4 14. exd4 Qc7 15.
Qe2 Kf7 16. O-O-O Nc6 17. Re1 Nxd4 18. Qd3 Nf5 19. Nxf5 gxf5 20. h3 Qa5 21. Kb1
Rac8 22. Nd2 Qb6 23. Nb3 a5 24. Re2 Rhe8 25. Rd1 Be5 26. Nd4 a4 27. Qb5 Bxd4 28.
Qd7+ Kg6 29. Rxd4 a3 30. Rb4 Qg1+ 31. Kc2 axb2 32. Kxb2 Qc5 33. Rc2 Re7 34. Qa4
Rec7 35. g4 Qe3 36. gxf5+ exf5 37. Rf4 Kf7 38. Qd4 Qe6 39. Qb4 Rb8 40. Qb5 Ra8
41. Re2 Qd6 42. Qb4 Qa6 43. Re3 Qxa2+ 44. Kc1 Qa1+ 45. Kd2 Ra2+ {White resigns}
0-1

[Event "Team 45 45 League T47"]
[Site "Internet Chess Club"]
[Date "2010.11.28"]
[Round "4"]
[White "Monsieur"]
[Black "tourettes"]
[Result "1/2-1/2"]
[WhiteElo "1584"]
[BlackElo "1479"]
[Opening "French: exchange variation"]
[ECO "C01"]
[Time "15:02:19"]
[TimeControl "2700+45"]

1. e4 e6 2. d4 d5 3. exd5 exd5 4. Nf3 Nf6 5. c4 c5 6. cxd5 cxd4 7. Bb5+ Bd7 8.
Nxd4 Bb4+ 9. Bd2 Bxd2+ 10. Qxd2 Bxb5 11. Nxb5 O-O 12. O-O a6 13. N5c3 Nbd7 14.
Qg5 Re8 15. Nd2 Re5 16. Qh4 Qb6 17. Nc4 Qb4 18. a3 Qb3 19. Nxe5 Nxe5 20. Qb4
Qxb4 21. axb4 Nd3 22. b5 Nxb2 23. bxa6 bxa6 24. Rfb1 Nc4 25. Rb4 Nd6 26. Rb6 Rd8
27. Rbxa6 Nc4 28. Ra8 Re8 29. Rxe8+ Nxe8 30. Ra8 Kf8 31. Ne4 Ke7 32. Ra7+ Kf8
33. Nc5 Nb6 34. Nd7+ Nxd7 35. Rxd7 Nf6 36. Ra7 Nxd5 37. Kf1 g6 38. g3 Kg7 39. f4
h5 40. Ke2 h4 41. Kd3 hxg3 42. hxg3 Nf6 43. Kd4 Nh5 44. Ra3 Kf6 45. Ke4 Ng7 46.
g4 Ne6 47. Ra6 Kg7 48. Ra7 Nc5+ 49. Ke5 Nd3+ 50. Ke4 Nc5+ 51. Kd4 Ne6+ 52. Ke5
Nc5 53. Kd6 Ne4+ 54. Ke7 Nf6 55. g5 Ne4 56. Ke8 Nd6+ 57. Kd8 Kf8 58. Ra8 Kg7 59.
Kd7 Ne4 60. Ke7 f6 61. Ra4 f5 62. Rc4 Nf2 63. Ke6 Nd3 64. Rd4 Nc5+ 65. Ke5 Kf7
66. Rd6 Ne4 67. Rf6+ Kg7 68. Rc6 Kf7 69. Rc7+ Kg8 70. Ke6 Kf8 71. Ke5 Kg8 72.
Rb7 Kf8 73. Rb4 Kf7 74. Rxe4 fxe4 75. Kxe4 Ke6 76. Kf3 Kf5 77. Kg3 Ke6 78. Kg4
Kf7 79. f5 gxf5+ 80. Kxf5 Kg7 {Game drawn by mutual agreement} 1/2-1/2

[Event "Team 45 45 League T47"]
[Site "Internet Chess Club"]
[Date "2010.12.03"]
[Round "4"]
[White "hewdondada"]
[Black "smitty120"]
[Result "1-0"]
[WhiteElo "1868"]
[BlackElo "1816"]
[Opening "QGA, 4.Nc3"]
[ECO "D24"]
[Time "21:07:34"]
[TimeControl "2700+45"]

1. d4 d5 2. c4 dxc4 3. Nf3 Nf6 4. Nc3 Be6 5. e4 c6 6. a4 Nbd7 7. Ng5 Bg4 8. f3
Bh5 9. Bxc4 e6 10. O-O Bb4 11. e5 Nd5 12. Nxd5 cxd5 13. Bd3 Bg6 14. f4 Bxd3 15.
Qxd3 g6 16. b3 Rc8 17. Bb2 Be7 18. Rac1 Rxc1 19. Bxc1 h6 20. Nxe6 fxe6 21. Qxg6+
Kf8 22. f5 Bg5 23. fxe6+ Nf6 24. Qf7# {Black checkmated} 1-0

[Event "Team 45 45 League T47"]
[Site "Internet Chess Club"]
[Date "2010.11.28"]
[Round "4"]
[White "VietLion"]
[Black "RD1974"]
[Result "1-0"]
[WhiteElo "1933"]
[BlackElo "1789"]
[Opening "Scandinavian: Pytel-Wade variation"]
[ECO "B01"]
[Time "16:00:15"]
[TimeControl "2700+45"]

1. e4 d5 2. exd5 Qxd5 3. Nc3 Qd6 4. d4 Nf6 5. Nf3 a6 6. g3 Bg4 7. Bg2 Nc6 8. O-O
O-O-O 9. d5 Nxd5 10. Nxd5 Qxd5 11. Qxd5 Rxd5 12. Ng5 Rd1 13. Rxd1 Bxd1 14. Nxf7
Rg8 15. Bd5 Nd4 16. Be3 Nf3+ 17. Kg2 Ne1+ 18. Kf1 Bf3 19. Be6+ Kb8 20. Rxe1 Bc6
21. Rd1 b6 22. Nd8 Rh8 23. Nxc6+ Kb7 24. Nd8+ Kb8 25. Nf7 Rg8 26. Rd8+ Ka7 27.
Ne5 a5 28. Bxg8 h6 29. Rxf8 g5 30. Bd5 Ka6 31. Bc6 {Black resigns} 1-0

[Event "Team 45 45 League T47"]
[Site "Internet Chess Club"]
[Date "2010.11.27"]
[Round "4"]
[White "toukon"]
[Black "subterfuge"]
[Result "0-1"]
[WhiteElo "1657"]
[BlackElo "1731"]
[Opening "Nimzo-Indian: classical, Adorjan gambit"]
[ECO "E32"]
[Time "21:00:33"]
[TimeControl "2700+45"]

1. d4 Nf6 2. c4 e6 3. Nc3 Bb4 4. Qc2 O-O 5. a3 Bxc3+ 6. Qxc3 b5 7. cxb5 c6 8.
bxc6 Nxc6 9. Nf3 Ba6 10. Bg5 Rc8 11. Qd2 d6 12. g3 h6 13. Bxf6 Qxf6 14. Bg2 Qf5
15. O-O Na5 16. Nh4 Qb5 17. a4 Qb6 18. Rab1 Nb3 19. Qd1 Nxd4 20. Re1 Rc4 21. e3
Nb3 22. Re2 Rfc8 23. Nf3 Rc1 24. Rxc1 Rxc1 25. Qxc1 Nxc1 26. Rc2 Nb3 27. Nh4 d5
28. e4 Bb7 29. exd5 Bxd5 30. Rc8+ Kh7 31. Bf1 Qd4 32. Rd8 Nd2 33. Bg2 Qxb2 34.
Bxd5 exd5 35. Rxd5 Qb1+ {White resigns} 0-1

[Event "Team 45 45 League T47"]
[Site "Internet Chess Club"]
[Date "2010.11.27"]
[Round "4"]
[White "John3v16"]
[Black "noblitz-oblige"]
[Result "1-0"]
[WhiteElo "1749"]
[BlackElo "1687"]
[Opening "Kevitz-Trajkovich defense"]
[ECO "A50"]
[Time "05:03:05"]
[TimeControl "2700+45"]

1. d4 Nf6 2. c4 Nc6 3. Nf3 e6 4. Nc3 Be7 5. e4 d5 6. e5 Ne4 7. Be3 Nxc3 8. bxc3
O-O 9. Bd3 Na5 10. Nd2 Bg5 11. f4 Bh4+ 12. g3 Be7 13. O-O b6 14. cxd5 exd5 15.
f5 Bg5 16. Bf4 c5 17. Qh5 Bxf4 18. Rxf4 f6 19. e6 Qe7 20. Rh4 h6 21. Qg6 Bd7 22.
Rxh6 {Black resigns} 1-0